 Dungeon Crawl Stone Soup version 0.31-a0-851-g7ff8af7976 (webtiles) character file.

Game seed: 8739362732785527973

14 Psyclone the Changeling (level 2, 11/11 HPs)
             Began as an Octopode Shapeshifter on Oct 5, 2023.
             Quit the game on level 1 of the Dungeon.
             The game lasted 00:00:55 (340 turns).

Psyclone the Changeling (Octopode Shapeshifter)      Turns: 340, Time: 00:00:56

Health: 11/11      AC:  1    Str: 13    XL:     2   Next: 41%
Magic:  2/2        EV: 13    Int: 12    God:
Gold:   20         SH:  0    Dex: 11    Spells: 1/1 levels left

rFire   . .          .
                       - Unarmed
rCold   . . .        (shield currently unavailable)
rNeg    . . .        (helmet restricted)
rPois   .            (no amulet)
rElec   .            (no ring)
rCorr   .            (no ring)
SInv    .            (no ring)
Will    .....        (no ring)
Stlth   +            (no ring)
HPRegen 0.21/turn    (no ring)
MPRegen 0.08/turn    (no ring)
                     (no ring)

%: no passive effects
@: flux-form, glowing
A: glow, contaminating, reduced hp, almost no armour, amphibious, 8 rings,
camouflage 1, gelatinous body 1, (nimble swimmer 1), tentacles
a: Begin Untransformation


You were on level 1 of the Dungeon.
You were something dangerously unstable.
You visited 1 branch of the dungeon, and saw 1 of its levels.

You collected 20 gold pieces.

Inventory:

Talismans
 b - a beast talisman
 c - a flux talisman (active)
Scrolls
 d - a scroll of fear {unknown}
 e - a scroll of silence {unknown}
Potions
 a - a potion of lignification


   Skills:
 + Level 1.4 Fighting
 + Level 2.2 Dodging
 + Level 3.1 Unarmed Combat
 + Level 3.1 Shapeshifting


You had one spell level left.
You didn't know any spells.
Your spell library was empty.

Dungeon Overview and Level Annotations

Branches:
Dungeon (1/15) Zot: 5661

Altars:


Innate Abilities, Weirdness & Mutations

You are something dangerously unstable.
You glow with magical radiation, making you easy to see and hit.
Foes you strike become dangerously contaminated with magical radiation.
Your maximum health is decreased, since you lack skill for your form.
You are incapable of wielding weapons or throwing items.
You cannot wear most types of armour.
You are amphibious.
You can wear up to eight rings at the same time.
Your skin changes colour to match your surroundings (Stealth+).
Your rubbery body absorbs attacks. (AC +1, EV +1)
((You are camouflaged when in or above water. (Stealth+)))
You have tentacles for arms and can constrict up to eight enemies at once.


Message History

The kobold shouts!
You grab the frilled lizard. You constrict the frilled lizard.
The frilled lizard misses you.
You tentacle-slap the frilled lizard.
You kill the frilled lizard!
You see here a frilled lizard corpse.
You barely miss the kobold. You grab the kobold. You constrict the kobold.
The kobold hits you with a +0 whip.
You tentacle-slap the kobold.
The kobold begins to glow.
The kobold is heavily wounded.
You constrict the kobold.
You kill the kobold!
You take 3 damage, and have 8/11 hp.
MASSIVE DAMAGE!!
Found a scroll labelled UTAWIU INWORCHIH.
Things that are here:
a +0 whip; a kobold corpse You see here a +0 leather armour.
A rat comes into view.
Health restored: 11
e - a scroll labelled UTAWIU INWORCHIH
Found a stone staircase leading down.
You tentacle-slap the rat.
The rat begins to glow.
You grab the rat.
The rat is severely wounded.
You constrict the rat.
You kill the rat!
You open the door.
There is an open door here.
You now have 14 gold pieces.
There is an open door here.
You open the door.
There is an open door here.
You now have 20 gold pieces (gained 6).
A goblin comes into view. It is wielding a +0 club.
The goblin barely misses you.
You tentacle-slap the goblin but do no damage.
The goblin begins to glow.
You grab the goblin. You squeeze the goblin.
You kill the goblin!
Things that are here:
a +0 club; a goblin corpse Are you sure you want to abandon this character and quit the game? (Confirm with "yes".)

># .# .# .# .# .#
##### .# #...# .#
######## #...# .#
####......# #p..# .#
#.........+ +...+
.###.........###...#
....†)[..#'#.......#
######+#...........#
######+#####.#######
##.................#
##........##.##....#
...................#


There were no monsters in sight!

Vanquished Creatures
  A dart slug (D:1)
  A goblin (D:1)
  2 hobgoblins (D:1)
  A kobold (D:1)
  A quokka (D:1)
  2 bats (D:1)
  3 frilled lizards (D:1)
  A rat (D:1)
12 creatures vanquished.

Notes
Turn   | Place    | Note
-------+----------+-------------------------------------------
     0 | D:1      | Psyclone the Octopode Shapeshifter began the quest for the
                  | Orb.
     0 | D:1      | Reached XP level 1. HP: 13/13 MP: 1/1
   132 | D:1      | Reached XP level 2. HP: 10/18 MP: 2/2
   340 | D:1      | Quit the game

Illustrated notes

Levels and vault maps discovered:
D:1:      psy_arrival_terrarium, layout_basic, shapermc_ecumenical_altar_venn

Action                     || total
---------------------------++-------
  Melee: Unarmed           ||    25
         Constrict         ||    10
         Tentacles         ||     7
 Armour: Skin              ||    15
  Dodge: Dodged            ||    20
         Form:             ||     1
         Flux              ||     1

Table legend: (Time is in decaauts)
 A = Elapsed time spent in this place.
 B = Non-inter-level travel time spent in this place.
 C = Inter-level travel time spent in this place.
 D = Time resting spent in this place.
 E = Time spent auto-exploring this place.
 F = Levels seen in this place.
 G = Mean time per level.
                   A        B        C        D        E       F      G
               +--------+--------+--------+--------+--------+-----+--------+
         Total |    338 |    338 |      0 |      0 |    229 |   1 |  338.0 |
       Dungeon |    338 |    338 |      0 |      0 |    229 |   1 |  338.0 |
               +--------+--------+--------+--------+--------+-----+--------+

Top non-repeatable levels by time:
     D:1: 338 daAuts
